 Dungeon Crawl Stone Soup version 0.28-a0-662-g1651b1f1e0 (webtiles) character file.

Game seed: 13750122998783077475

422 cheechan the Sneak (level 6, -1/64 HPs)
             Began as an Octopode Berserker on Oct 14, 2021.
             Was a Priest of Trog.
             Slain by an orc (5 damage)
             ... on level 7 of the Dungeon.
             The game lasted 00:12:31 (4062 turns).

cheechan the Sneak (Octopode Berserker)             Turns: 4062, Time: 00:12:32

Health: -1/64      AC:  1    Str: 17    XL:     6   Next: 95%
Magic:  6/6        EV: 14    Int:  9    God:    Trog [***...]
Gold:   121        SH:  0    Dex: 13    Spells: 5/5 levels left

rFire   . . .      SeeInvis .   j - +3 whip
rCold   . . .      Faith    .   (no shield)
rNeg    . . .      Spirit   .   (helmet restricted)
rPois   .          Reflect  .   (no amulet)
rElec   .          Harm     .   (no ring)
rCorr   .          Rampage  .   (no ring)
Will    .....                   (no ring)
Stlth   ..........              (no ring)
HPRegen 0.20/turn               (no ring)
MPRegen 0.10/turn               (no ring)
                                (no ring)
                                (no ring)

@: berserking (expiring), very quick
A: almost no armour, amphibious, 8 rings, camouflage 1, gelatinous body 1,
(nimble swimmer 1), tentacles
a: Renounce Religion, Berserk, Trog's Hand


You were on level 7 of the Dungeon.
You worshipped Trog.
Trog was most pleased with you.
You visited 1 branch of the dungeon, and saw 5 of its levels.

You collected 121 gold pieces.

Inventory:

Hand Weapons
 c - a +0 hunting sling
 i - a +0 dagger of flaming
 j - a +3 whip (weapon)
 n - a +0 trident
 p - a +0 falchion
 q - a +0 war axe
Missiles
 b - 53 sling bullets
 d - 76 stones (quivered)
 g - 13 bolts
 h - 47 arrows
 o - a boomerang
Scrolls
 a - a scroll of noise
 m - a scroll of teleportation
Potions
 e - a potion of haste {unknown}
 f - 2 potions of berserk rage {unknown}
 k - a potion of flight {unknown}
 l - a potion of brilliance {unknown}
 r - a potion of might {unknown}


   Skills:
 + Level 4.1 Fighting
 + Level 0.1 Short Blades
 + Level 4.6 Maces & Flails
 + Level 4.6 Dodging
 + Level 4.9 Stealth


You had 5 spell levels left.
You didn't know any spells.
Your spell library was empty.

Dungeon Overview and Level Annotations

Branches:
Dungeon (4/15)
 Temple: D:4-7

Altars:
Ashenzari
Cheibriados


Innate Abilities, Weirdness & Mutations

You cannot wear most types of armour.
You are amphibious.
You can wear up to eight rings at the same time.
Your skin changes colour to match your surroundings (Stealth+).
Your rubbery body absorbs attacks. (AC +1, EV +1)
((You are camouflaged near water. (Stealth+)))
You have tentacles for arms and can constrict up to eight enemies at once.


Message History

Trog accepts your kill.
Trog appreciates your killing of a magic user.
Things that are here:
a +0 dagger; a +0 robe You hit the orc wizard.
Your grab misses the orc wizard. Your squeeze misses the orc wizard.
The orc wizard is moderately wounded.
The orc wizard mumbles some strange words.
The orc wizard flickers and vanishes!
Deactivating autopickup; reactivate with Ctrl-A.
The orc hits you with a +1 dagger of flaming.
The orc burns you.
You hit the orc wizard. You grab the orc wizard. You squeeze the orc wizard.
You kill the orc wizard!
Trog accepts your kill.
Trog appreciates your killing of a magic user.
The orc closely misses you.
Your Fighting skill increases to level 4!
You hit the orc. Your grab misses the orc.
The orc is almost dead.
The orc closely misses you. The orc wizard barely misses you.
The orc hits you with a +0 club. Something hits you but does no damage.
The orc hits you with a +0 flail. The orc hits you with a +0 whip.
The orc hits you with a +0 club.
* * * LOW HITPOINT WARNING * * *
The orc hits you with a +1 dagger of flaming.
* * * LOW HITPOINT WARNING * * *
The orc burns you.
* * * LOW HITPOINT WARNING * * *
You hit the orc.
You kill the orc!
Trog accepts your kill.
The orc wizard hits you with a +0 dagger.
* * * LOW HITPOINT WARNING * * *
You hear some strange, mumbled words.
A magic dart appears from out of thin air!
The magic dart hits you.
* * * LOW HITPOINT WARNING * * *
The orc hits you with a +0 whip.
You die...

##.....#
###........#
##..###.#
≈§≈........# #..##
#.# #≈........# #.##
#.. #§........ #.#
#... +#≈.......#
###.# #######
.≈≈...$o..# #..##..#
.......{o.###..##..#
.....ooo@o#..##).#
#....oo)o.#..##..#
##...o###.'##..##..#
##... #.###..# ..#
##. .$.#..##..##.#
.#...#.#..# ..# .#
..o..##.###..##.. #
...... #.# ##.####
... ... #


You could see an orc priest, an orc wizard and 8 orcs.

Vanquished Creatures
  A black bear (D:7)
  A kobold brigand (D:7)
  A howler monkey (D:4)
  A bullfrog skeleton (D:4)
  An iguana (D:7)
  2 orc wizards (D:7)
  3 adders
  An adder skeleton (D:4)
  2 dart slugs
  8 orcs
  5 ball pythons
  9 bats
  11 endoplasms
  3 giant cockroaches (D:1)
  8 goblins
  2 hobgoblins (D:1)
  3 kobolds
  2 quokkas
  5 frilled lizards
  10 rats
79 creatures vanquished.

Notes
Turn   | Place    | Note
-------+----------+-------------------------------------------
     0 | D:1      | cheechan the Octopode Berserker began the quest for the
                  | Orb.
     0 | D:1      | Reached XP level 1. HP: 16/16 MP: 1/1
   354 | D:1      | Reached XP level 2. HP: 21/21 MP: 2/2
   700 | D:1      | Found a faded altar of an unknown god.
  1070 | D:1      | Reached XP level 3. HP: 22/26 MP: 3/3
  1484 | D:1      | Reached ** piety under Trog
  2059 | D:2      | Reached skill level 1 in Stealth
  2059 | D:2      | Reached XP level 4. HP: 16/32 MP: 4/4
  2531 | D:3      | Found a broken altar of Ashenzari.
  2607 | D:3      | Found a snail-covered altar of Cheibriados.
  3571 | D:4      | Reached XP level 5. HP: 30/37 MP: 5/5
  3964 | D:4      | You fall into a shaft and drop 3 floors!
  3998 | D:7      | Noticed a black bear
  3999 | D:7      | Noticed a kobold brigand
  4002 | D:7      | Killed a black bear
  4003 | D:7      | Reached XP level 6. HP: 43/43 MP: 6/6
  4005 | D:7      | Reached *** piety under Trog
  4062 | D:7      | Slain by an orc

Illustrated notes

Levels and vault maps discovered:
D:1:      roderic_chinese_lattice_arrival, layout_basic,
          hellmonk_ecumenical_altar_crossroads, hangedman_decor_peaks_small
D:2:      layout_rooms, grunt_ministairs_6, amcnicky_mini_corridor_feature
D:3:      layout_loops_cross, mainiacjoe_overflow_paths,
          mainiacjoe_overflow_concentric_impassable, chequers_mini_garden
D:4:      layout_loops_ring, uniq_crazy_yiuf_cottage
D:7:      minmay_the_grid_plus_closed [minmay_the_grid_eight,
          minmay_the_grid_minigrid_medium, minmay_the_grid_minigrid_large,
          minmay_the_grid_box_x, minmay_the_grid_prize_big_room],
          layout_cave_pods, lemuel_crystal_altar, kennysheep_mini_moat

Skill      XL: |  1  2  3  4  5  6 |
---------------+-------------------+-----
Stealth        | 1 3 4 |  4.9
Dodging        | 4 |  4.6
Maces & Flails | 4 |  4.6
Fighting       | 4 |  4.1
Short Blades   | |  0.1

Action                   |  1- 3 |  4- 6 || total
-------------------------+-------+-------++-------
Melee: Mace              |    17 |       ||    17
       Constrict         |    22 |    18 ||    40
       Tentacles         |    13 |    15 ||    28
       Whip              |    72 |    68 ||   140
       Dagger            |       |     4 ||     4
Throw: Stone             |       |     5 ||     5
Invok: Berserk           |       |     4 ||     4
  Use: Scroll            |     2 |     3 ||     5
 Stab: Sleeping          |     3 |     5 ||     8
Armor: Skin              |    16 |     5 ||    21
Dodge: Dodged            |    85 |    43 ||   128

Table legend: (Time is in decaauts)
 A = Elapsed time spent in this place.
 B = Non-inter-level travel time spent in this place.
 C = Inter-level travel time spent in this place.
 D = Time resting spent in this place.
 E = Time spent auto-exploring this place.
 F = Levels seen in this place.
 G = Mean time per level.
                   A        B        C        D        E       F      G
               +--------+--------+--------+--------+--------+-----+--------+
         Total |   4075 |   4075 |      0 |   1322 |      0 |   5 |  815.0 |
       Dungeon |   4075 |   4075 |      0 |   1322 |      0 |   5 |  815.0 |
               +--------+--------+--------+--------+--------+-----+--------+

Top non-repeatable levels by time:
     D:1: 1521 daAuts
     D:3: 1070 daAuts
     D:2: 957 daAuts
     D:4: 422 daAuts
     D:7: 102 daAuts
